 Dungeon Crawl Stone Soup version 0.27.1-34-g3ba077fa99 (webtiles) character file.

Game seed: 11578857507548492132

8 Arum the Stinger (level 2, 19/19 HPs)
             Began as a Formicid Venom Mage on Jan 15, 2022.
             Was a Believer of Lugonu.
             Quit the game on level 1 of the Dungeon.
             The game lasted 00:00:45 (274 turns).

Arum the Stinger (Formicid Venom Mage)               Turns: 274, Time: 00:00:45

Health: 19/19      AC:  2    Str: 12    XL:     2   Next: 15%
Magic:  5/5        EV: 12    Int: 14    God:    Lugonu [**....]
Gold:   0          SH:  0    Dex: 11    Spells: 5/6 levels left

rFire    . . .     SeeInvis +   (no weapon)
rCold    . . .     Faith    .   (no shield)
rNeg     . . .     Spirit   .   a - +0 robe
rPois    .         Reflect  .   (helmet unavailable)
rElec    .         Harm     .   (no cloak)
rCorr    .         Rampage  .   (no gloves)
Will     .....                  (no boots)
Stlth    ++........             (no amulet)
HPRegen  0.06/turn              (no ring)
MPRegen  0.09/turn              (no ring)

@: no status effects
A: permanent stasis, dig shafts and tunnels, antennae 3, four strong arms
a: Dig, Shaft Self, Renounce Religion, Depart the Abyss, Bend Space


You were on level 1 of the Dungeon.
You worshipped Lugonu.
Lugonu was pleased with you.
You visited 1 branch of the dungeon, and saw 1 of its levels.

Inventory:

Armour
 a - a +0 robe (worn)
 b - a +0 pair of gloves


   Skills:
 - Level 1.7 Dodging
 - Level 2.4 Stealth
 * Level 2.7 Spellcasting
 - Level 1.1 Transmutations
 + Level 4.2 Poison Magic


You had 5 spell levels left.
You knew the following spells:

 Your Spells              Type           Power      Damage    Failure   Level
a - Sting                 Tmut/Pois      36%        1d4       8%          1

Your spell library contained the following spells:

 Spells                   Type           Power      Damage    Failure   Level
 Poisonous Vapours        Pois/Air       14%        N/A       14%         2
 Mephitic Cloud           Conj/Pois/Air  5%         N/A       36%         3
 Olgreb's Toxic Radiance  Pois           13%        N/A       36%         4


Dungeon Overview and Level Annotations

Branches:
Dungeon (1/15)

Altars:
Lugonu


Innate Abilities, Weirdness & Mutations

You cannot be hasted, slowed, berserked, paralysed or teleported.
You can dig through walls and to a lower floor.
You have a pair of large antennae on your head. (SInv)
Your four strong arms can wield two-handed weapons with a shield.


Message History

Things that are here:
a +0 dagger; a goblin corpse You open the door.
There is an open door here.
Found a leather armour.
A kobold comes into view. It is wielding a +0 club.
A kobold is nearby!
The sting hits the kobold but does no damage.
The kobold is poisoned.
The sting hits the kobold but does no damage.
The kobold looks even sicker.
The sting misses the kobold.
A kobold is nearby!
You hit the kobold.
You kill the kobold!
You can't see any susceptible monsters within range! (Use Z to cast anyway.)
You open the door.
There is an open door here.
You open the huge gate.
Found a faded altar of an unknown god.
You sense a monster nearby.
There is a huge open gate here.
There is a huge open gate here.
A frilled lizard comes into view.
The sting hits the frilled lizard.
The frilled lizard is poisoned.
You kill the frilled lizard!
You can't see any susceptible monsters within range! (Use Z to cast anyway.)
You start resting.
Magic restored.
There is a huge open gate here.
There is a huge open gate here.
There is a faded altar of an unknown god here.
You cannot tell which god this altar belongs to.
Convert to them anyway?
Okay, then.
You cannot tell which god this altar belongs to.
Convert to them anyway?
Lugonu accepts your prayer! Lugonu welcomes you!
You can now depart the Abyss.
You can now bend space around yourself.
There is a huge open gate here.
Are you sure you want to abandon this character and quit the game? (Confirm with "yes".)

#.# { ..# #.# # #.#
#.. #.#
#....###.############
.....................
#.######.###'''''#####
.........'@'''.....
...##.##.''_''.###
#.........'''''.#
#...##.#..'''''######
.......#.##.........#
...................#
.#.##+#'###.......[#
#.....)...........#
#..............####


There were no monsters in sight!

Vanquished Creatures
  A dart slug (D:1)
  A goblin (D:1)
  A hobgoblin (D:1)
  A kobold (D:1)
  A frilled lizard (D:1)
  A rat (D:1)
6 creatures vanquished.

Notes
Turn   | Place    | Note
-------+----------+-------------------------------------------
     0 | D:1      | Arum the Formicid Venom Mage began the quest for the Orb.
     0 | D:1      | Reached XP level 1. HP: 13/13 MP: 3/3
   157 | D:1      | Reached XP level 2. HP: 19/19 MP: 2/5
   245 | D:1      | Found a faded altar of an unknown god.
   272 | D:1      | Became a worshipper of Lugonu the Unformed
   272 | D:1      | Reached * piety under Lugonu
   272 | D:1      | Reached ** piety under Lugonu
   274 | D:1      | Quit the game

Illustrated notes

Levels and vault maps discovered:
D:1:      saegor_arrival_simple_b, layout_basic,
          hellmonk_ecumenical_altar_heavens_door, minmay_misc_feat_alley

Action                   || total
-------------------------++-------
Melee: Unarmed           ||     3
 Cast: Sting             ||    13
Armor: Robe              ||     2
Dodge: Dodged            ||     2
